 Dungeon Crawl Stone Soup version 0.18-a0-1293-g5a2c81a (webtiles) character file.

49 ezio133798 the Insei (level 3, -6/28 HPs)
             Began as a Demigod Transmuter on Feb 10, 2016.
             Mangled by a goblin
             ... wielding a +0 club
             ... led by Robin
              (7 damage)
             ... on level 2 of the Dungeon.
             The game lasted 00:10:30 (1951 turns).

ezio133798 the Insei (Demigod Transmuter)           Turns: 1951, Time: 00:10:32

Health: -6/28      AC:  3    Str: 13    XL:     3   Next: 32%
Magic:  6/8        EV: 13    Int: 19    God:
Gold:   103        SH:  0    Dex: 16    Spells: 2 memorised, 3 levels left

rFire  . . .     SeeInvis .     j - +2 spear (venom)
rCold  . . .     Gourm    .     k - +0 robe
rNeg   . . .     Faith    .     (no shield)
rPois  .         Spirit   .     (no helmet)
rElec  .         Dismiss  +     n - +0 cloak
rCorr  .         Reflect  .     (no gloves)
SustAt +         Harm     .     (no boots)
MR     .....                    g - amulet of dismissal
Stlth  ++........               (no ring)
                                (no ring)

@: very slightly contaminated, not resistant to hostile enchantments, unstealthy
A: high mp 1, sustain attributes
a: no special abilities


You were on level 2 of the Dungeon.
You were not hungry.

You visited 1 branch of the dungeon, and saw 2 of its levels.

You collected 103 gold pieces.

Inventory:

Hand Weapons
 f - a +0 dagger
 j - a +2 spear of venom (weapon)
Missiles
 a - 9 arrows
 r - 11 arrows of flame
Armour
 b - a +0 robe
 k - a +0 robe (worn)
 l - a +0 ring mail
 n - a +0 cloak (worn)
 v - a +0 leather armour
Jewellery
 g - an amulet of dismissal (around neck)
Scrolls
 d - a scroll of amnesia
 e - a scroll of magic mapping {unknown}
 h - a scroll of enchant weapon {unknown}
 s - 2 scrolls of identify {unknown}
Potions
 m - a potion of cure mutation {unknown}
 o - a potion of haste {unknown}
 u - a potion of heal wounds {unknown}
Books
 c - a book of Changes

   Spells                             Type                      Level
   a - Beastly Appendage              Transmutation                1
   b - Sticks to Snakes               Transmutation                2
   c - Spider Form                    Transmutation/Poison         3
   d - Ice Form                       Ice/Transmutation            4
   e - Blade Hands                    Transmutation                5
Comestibles
 i - a slice of pizza
 p - a meat ration
 t - a bread ration


   Skills:
 + Level 1.1 Fighting
 + Level 0.1 Polearms
 + Level 2.1 Dodging
 + Level 0.4 Stealth
 + Level 3.3 Unarmed Combat
 + Level 2.2 Spellcasting
 + Level 2.0 Transmutations


You had 3 spell levels left.
You knew the following spells:

 Your Spells              Type           Power        Failure   Level  Hunger
a - Beastly Appendage     Trmt           #.....       10%         1    #......
b - Sticks to Snakes      Trmt           #.......     12%         2    ##.....


Dungeon Overview and Level Annotations

Branches:
Dungeon (2/15)

Annotations:
D:2 Robin


Innate Abilities, Weirdness & Mutations

You have an increased reservoir of magic (+10% MP).
Your attributes are resistant to harm.


Message History

The goblin hits you with a dagger.
* * * LOW HITPOINT WARNING * * *
Your amulet of dismissal vibrates suddenly!
The goblin disappears!
The goblin hits you with a club.
* * * LOW HITPOINT WARNING * * *
Robin throws the goblin at you!
You hit the goblin but do no damage.
The goblin is poisoned.
The goblin barely misses you. The goblin hits you but does no damage.
The goblin closely misses you. The hobgoblin misses you.
Your ball python barely misses the goblin.
Your ball python grabs the goblin.
Your ball python constricts the goblin.
The goblin closely misses you. The goblin completely misses you.
You hit the goblin.
The goblin looks even sicker.
The goblin is almost dead.
You kill the goblin!
The goblin barely misses you. The hobgoblin hits you.
* * * LOW HITPOINT WARNING * * *
The goblin closely misses your ball python.
The goblin hits you with a club!
You die...

#..###...##..##...
#...g.....##............###.#
#....g.................###...
#...........#................
#....g..... #...........##...
....g..... ##...###....##...
......%.. #.#......####...
........######.####..## #...
..........gg@g....#### #...
.......>...ggS....# ####
......##....g.....#######
...... #.................
##### #..........######
#..........# #..........#
#..........# #..........#


You could see Robin, a hobgoblin (frenzied), 4 goblins and a friendly ball
python.

Vanquished Creatures
  2 oozes (D:1)
  A worm (D:2)
  A giant gecko (D:2)
  4 bats (D:1)
  9 goblins
  5 hobgoblins
  A quokka (D:2)
  A ball python (D:1)
  2 giant newts (D:1)
  4 kobolds (D:1)
  4 rats (D:1)
34 creatures vanquished.

Notes
Turn   | Place    | Note
--------------------------------------------------------------
     0 | D:1      | ezio133798 the Demigod Transmuter began the quest for the Orb.
     0 | D:1      | Reached XP level 1. HP: 15/15 MP: 5/5
   150 | D:1      | Reached XP level 2. HP: 22/22 MP: 5/7
   231 | D:1      | Reached skill level 3 in Unarmed Combat
  1013 | D:1      | Reached skill level 1 in Fighting
  1181 | D:1      | Reached XP level 3. HP: 25/28 MP: 8/8
  1185 | D:1      | Learned a level 2 spell: Sticks to Snakes
  1936 | D:2      | Noticed Robin
  1951 | D:2      | HP: 1/28 [hobgoblin[Robin] (1)]
  1951 | D:2      | Mangled by a goblin

Vault maps used:
D:1:      shiori_arrival_elements
D:2:      uniq_robin

Action                   || total
-------------------------++-------
Melee: Dagger            ||    15
       Unarmed           ||     2
       Spear             ||    59
 Cast: Beastly Appendage ||    14
       Sticks to Snakes  ||     3
  Use: Scroll            ||     2
 Stab: Sleeping          ||     1
  Eat: Bread ration      ||     1
